 Dungeon Sprint DCSS version 0.26-a0-844-g3dd439832f (webtiles) character file.

Game seed: 6096313353597487022

34622 sahdkjhfkaj the Wrestler (level 13, 0/144 HPs)
             Began as a Naga Monk on Nov 18, 2020.
             Was the Champion of Cheibriados.
             Slain by a frost giant
             ... wielding a +0 battleaxe of freezing
              (1 damage)
             ... in the Dungeon (Sprint VII: "The Pits").
             The game lasted 00:08:48 (5188 turns).

sahdkjhfkaj the Wrestler (Naga Monk)                Turns: 5188, Time: 00:08:48

Health: 0/144      AC: 12    Str: 34    XL:     13   Next: 78%
Magic:  1/24       EV:  5    Int: 26    God:    Cheibriados [******]
Gold:   39         SH:  0    Dex: 34    Spells: 12/12 levels left

rFire    . . .     SeeInvis +     - Unarmed
rCold    . . .     Faith    .   (no shield)
rNeg     . . .     Spirit   .   c - +2 plate armour
rPois    +         Reflect  .   (no helmet)
rElec    .         Harm     .   (no cloak)
rCorr    .         Rampage  .   o - +0 pair of gloves
MR       +....     NoTele   +   (no barding)
Stlth    ..........             (no amulet)
HPRegen  0.34/turn              r - +6 ring of dexterity
MPRegen  0.19/turn              t - +4 ring of slaying

@: lethally poisoned (0 -> -1), constricted, very slow
A: large, see invisible, deformed body, poison resistance, slowness 2, spit
poison 1, constrict 1, AC +4
a: Spit Poison, Bend Time, Temporal Distortion, Slouch, Step From Time, Renounce
Religion


You were in the Dungeon.
You worshipped Cheibriados.
Cheibriados was exalted by your worship.
You visited 1 branch You collected 39 gold pieces.

Inventory:

Armour
 c - a +2 plate armour (worn)
 o - a +0 pair of gloves (worn)
Jewellery
 p - an uncursed ring of protection from fire
 r - a +6 ring of dexterity (left hand)
 s - an uncursed ring of ice
 t - a +4 ring of slaying (right hand)
Wands
 g - a wand of digging (6)
 q - a wand of enslavement (6)
 x - a wand of disintegration (16)
Scrolls
 h - 4 scrolls of remove curse {!r}
 i - 5 scrolls of amnesia {!r}
 k - 3 scrolls of fear {!r}
 l - a scroll of blinking {!r}
 u - a scroll of magic mapping {!r}
 v - 3 scrolls of identify {!r}
 w - 2 scrolls of enchant weapon {!r}
Potions
 a - 9 potions of heal wounds {!q}
 b - 12 potions of curing {!q}
 d - a potion of haste {!q}
 e - 2 potions of magic {!q}
 f - a potion of invisibility {!q}
 j - 2 potions of cancellation {!q}
 m - 2 potions of mutation {!q}
 n - 4 potions of might {!q}
Miscellaneous
 y - a condenser vane


   Skills:
 + Level 17.2 Fighting
 - Level 2.4 Dodging
 - Level 3.0 Stealth
 * Level 22.6 Unarmed Combat
 - Level 15.0 Invocations
 - Level 15.0 Evocations


You had 12 spell levels left.
You didn't know any spells.
Your spell library was empty.

Dungeon Overview and Level Annotations

Branches:
Dungeon (1/1)

Altars:
Ashenzari
Cheibriados
Dithmenos
Elyvilon
Fedhas
Gozag
Hepliaklqana
Kikubaaqudgha
Makhleb
Nemelex Xobeh
Okawaru
Qazlal
Ru
Sif Muna
Trog
Uskayaw
Vehumet
Wu Jian
Xom
Yredelemnul
Zin
The Shining One
Beogh
Jiyva
Lugonu


Innate Abilities, Weirdness & Mutations

You cannot wear boots.
Your serpentine skin is tough. (AC +4)
You have supernaturally acute eyesight. (SInv)
Armour fits poorly on your strangely shaped body.
Your system is resistant to poisons. (rPois)
You cover ground very slowly.
You can spit poison.
You can use your snake-like lower body to constrict enemies.


Message History

You punch the frost giant!
The frost giant is moderately wounded.
You feel sick.
The frost giant hits you with a +0 battleaxe of freezing!!
* * * LOW HITPOINT WARNING * * *
The frost giant freezes you.
* * * LOW HITPOINT WARNING * * *
Really quaff
a - 11 potions of heal wounds {!q}?
You feel much better.
Really quaff
a - 10 potions of heal wounds {!q}?
You feel much better.
The naga warrior hits you with a +0 scimitar!
* * * LOW HITPOINT WARNING * * *
The naga warrior grabs you.
* * * LOW HITPOINT WARNING * * *
The naga warrior constricts you.
The frost giant hits you with a +0 battleaxe of freezing!!
* * * LOW HITPOINT WARNING * * *
The frost giant freezes you.
You die...

...# ...# #..# ...+ ...+ #''#
#''##############################
#.......................)....))..
#...............@N(.[........))†.
#..##############CN##############
#..# #...Nc)..# # #..# #.#.)))#)#
# #..# .. .).)..).. # #).# #.
N#))..#)#.# # #..# # ....)).....
# #..# C# #)..)#.#.# # #..# .y
.........c #


You could see a frost giant, 3 naga warriors and a yaktaur captain.

Vanquished Creatures
  A ghost moth (D)
  2 orc warlords (D)
  An ophan (D)
  A minotaur (D)
  A black draconian (D)
  A deep elf death mage (D)
  An eidolon (D)
  A merfolk impaler (D)
  A hydra (D)
  A vault guard (D)
  An ogre mage (D)
  4 two-headed ogres (D)
  A centaur warrior (D)
  An orc high priest (D)
  2 unseen horrors (D)
  2 deep trolls (D)
  A lindwurm (D)
  3 flayed ghosts (D)
  A swamp dragon (D)
  A phantasmal warrior (D)
  Pikel (D)
  12 orc knights (D)
  An orc sorcerer (D)
  A cyclops (D)
  A merfolk siren (D)
  An elephant (D)
  2 rust devils (D)
  Maurice (D)
  A gargoyle (D)
  3 kobold demonologists (D)
  A freezing wraith (D)
  A komodo dragon (D)
  An efreet (D)
  A guardian mummy (D)
  A red devil (D)
  A tyrant leech (D)
  2 trolls (D)
  4 merfolk (D)
  3 slime creatures (D)
  A hornet (D)
  2 flying skulls (D)
  A shadow (D)
  Sigmund (D)
  2 redbacks (D)
  Eustachio (D)
  A wyvern (D)
  A wraith (D)
  A chaos spawn (D)
  A neqoxec (D)
  A warg (D)
  2 floating eyes (D)
  An eye of draining (D)
  A black bear (D)
  An orc warrior (D)
  2 ogres (D)
  4 lemures (D)
  A scorpion (D)
  4 wights (D)
  3 orc priests (D)
  A hound (D)
  2 iron imps (D)
  2 iguanas (D)
  A worker ant (D)
  A hell rat (D)
  A mummy (D)
  An ufetubus (D)
  An ooze (D)
  4 orcs (D)
  A bat skeleton (D)
  3 hobgoblins (D)
  6 jackals (D)
  3 quokkas (D)
  2 kobolds (D)
  2 rats (D)
130 creatures vanquished.

Vanquished Creatures (collateral kills)
  A gnoll (D)
  An orc (D)
  5 jackals (D)
7 creatures vanquished.

Grand Total: 137 creatures vanquished

Notes
Turn   | Place    | Note
-------+----------+-------------------------------------------
     0 | D        | sahdkjhfkaj the Naga Monk began the quest for the Orb.
     0 | D        | Reached XP level 1. HP: 21/21 MP: 1/1
    34 | D        | Reached skill level 4 in Unarmed Combat
   296 | D        | Found a bloodstained altar of Trog.
   296 | D        | Found a shimmering blue altar of Sif Muna.
   296 | D        | Found a viscous altar of Jiyva.
   296 | D        | Found a hazy altar of Hepliaklqana.
   296 | D        | Found an opulent altar of Gozag.
   297 | D        | Found a glowing golden altar of the Shining One.
   297 | D        | Found a glowing silver altar of Zin.
   297 | D        | Found a basalt altar of Yredelemnul.
   297 | D        | Found a shimmering altar of Xom.
   297 | D        | Found an ornate altar of the Wu Jian Council.
   297 | D        | Found a sacrificial altar of Ru.
   297 | D        | Found a stormy altar of Qazlal.
   297 | D        | Found an iron altar of Okawaru.
   297 | D        | Found a sparkling altar of Nemelex Xobeh.
   297 | D        | Found a burning altar of Makhleb.
   297 | D        | Found a blossoming altar of Fedhas.
   297 | D        | Found a white marble altar of Elyvilon.
   297 | D        | Found a shadowy altar of Dithmenos.
   297 | D        | Found a snail-covered altar of Cheibriados.
   299 | D        | Found a corrupted altar of Lugonu.
   299 | D        | Found a radiant altar of Vehumet.
   299 | D        | Found a roughly hewn altar of Beogh.
   300 | D        | Found a broken altar of Ashenzari.
   300 | D        | Found an ancient bone altar of Kikubaaqudgha.
   300 | D        | Found a hide-covered altar of Uskayaw.
   306 | D        | Became a worshipper of Cheibriados the Contemplative
   306 | D        | Reached * piety under Cheibriados
   306 | D        | Reached ** piety under Cheibriados
   343 | D        | Reached XP level 2. HP: 30/30 MP: 2/2
   348 | D        | Reached *** piety under Cheibriados
   365 | D        | Reached skill level 5 in Unarmed Combat
   417 | D        | Reached **** piety under Cheibriados
   418 | D        | Reached ***** piety under Cheibriados
   419 | D        | Reached XP level 3. HP: 30/37 MP: 3/3
   424 | D        | Reached ****** piety under Cheibriados
   656 | D        | Noticed a scorpion
   656 | D        | Noticed a floating eye
   658 | D        | Paralysed by a floating eye for 4 turns
   666 | D        | Paralysed by a floating eye for 2 turns
   671 | D        | Paralysed by a floating eye for 2 turns
   676 | D        | Reached skill level 5 in Invocations
   676 | D        | Reached XP level 4. HP: 14/45 MP: 3/8
   678 | D        | Killed a floating eye
   679 | D        | Reached XP level 5. HP: 16/51 MP: 3/12
   685 | D        | Reached skill level 10 in Invocations
   685 | D        | Reached XP level 6. HP: 4/58 MP: 4/14
   916 | D        | Reached skill level 5 in Fighting
   916 | D        | Reached skill level 7 in Unarmed Combat
  1003 | D        | Noticed a flying skull
  1006 | D        | Killed a flying skull
  1007 | D        | Reached skill level 8 in Unarmed Combat
  1007 | D        | Reached XP level 7. HP: 69/70 MP: 16/16
  1122 | D        | Noticed an unseen horror
  1125 | D        | Killed an unseen horror
  1126 | D        | Reached skill level 11 in Unarmed Combat
  1126 | D        | Reached XP level 8. HP: 75/82 MP: 11/17
  1259 | D        | Noticed Sigmund
  1264 | D        | Killed Sigmund
  1265 | D        | Reached skill level 12 in Unarmed Combat
  1318 | D        | Noticed Eustachio
  1318 | D        | Noticed an ogre mage
  1318 | D        | Noticed a two-headed ogre
  1318 | D        | Noticed a two-headed ogre
  1318 | D        | Noticed a two-headed ogre
  1320 | D        | Killed a two-headed ogre
  1320 | D        | Killed Eustachio
  1320 | D        | Killed a two-headed ogre
  1320 | D        | Killed a two-headed ogre
  1320 | D        | Killed an ogre mage
  1321 | D        | Reached skill level 16 in Unarmed Combat
  1321 | D        | Reached XP level 9. HP: 99/99 MP: 7/18
  1321 | D        | Reached XP level 10. HP: 108/108 MP: 7/19
  1525 | D        | Noticed a cyclops
  1525 | D        | Noticed a deep troll
  1530 | D        | Killed a deep troll
  1532 | D        | Killed a cyclops
  1533 | D        | Reached skill level 17 in Unarmed Combat
  1759 | D        | Noticed an orc sorcerer
  1760 | D        | Killed an orc sorcerer
  2133 | D        | Noticed a flayed ghost
  2133 | D        | Noticed a gargoyle
  2134 | D        | Killed a gargoyle
  2135 | D        | Reached skill level 18 in Unarmed Combat
  2135 | D        | Killed a flayed ghost
  2136 | D        | Reached XP level 11. HP: 118/118 MP: 9/20
  2204 | D        | Noticed Pikel
  2204 | D        | Noticed a flayed ghost
  2206 | D        | Killed Pikel
  2207 | D        | Killed a flayed ghost
  2265 | D        | Noticed a phantasmal warrior
  2267 | D        | Killed a phantasmal warrior
  2268 | D        | Reached skill level 19 in Unarmed Combat
  2474 | D        | Noticed a minotaur
  2483 | D        | Killed a minotaur
  2876 | D        | Noticed a lindwurm
  2879 | D        | Killed a lindwurm
  2880 | D        | Reached skill level 15 in Invocations
  2880 | D        | Noticed a four-headed hydra
  2880 | D        | Noticed an orc high priest
  2886 | D        | Killed a four-headed hydra
  2886 | D        | Killed an orc high priest
  2892 | D        | Reached XP level 12. HP: 59/129 MP: 4/23
  3097 | D        | Reached skill level 15 in Fighting
  3429 | D        | Reached skill level 20 in Unarmed Combat
  3430 | D        | Noticed Maurice
  3435 | D        | Killed Maurice
  3913 | D        | Noticed a two-headed ogre
  3915 | D        | Killed a two-headed ogre
  3920 | D        | Reached skill level 21 in Unarmed Combat
  4319 | D        | Noticed a centaur warrior
  4321 | D        | Killed a centaur warrior
  4578 | D        | Noticed an ophan
  4578 | D        | Noticed a deep elf death mage
  4581 | D        | Killed a deep elf death mage
  4582 | D        | Reached skill level 22 in Unarmed Combat
  4584 | D        | Killed an ophan
  5170 | D        | Noticed an orc warlord
  5170 | D        | Noticed an eidolon
  5170 | D        | Noticed a merfolk impaler
  5171 | D        | Noticed a naga warrior
  5171 | D        | Noticed a naga warrior
  5171 | D        | Noticed an orc warlord
  5173 | D        | Killed a merfolk impaler
  5173 | D        | Killed an eidolon
  5173 | D        | Noticed a frost giant
  5174 | D        | Gained mutation: You can use your snake-like lower body to
                  | constrict enemies. [Naga growth]
  5174 | D        | Reached XP level 13. HP: 126/142 MP: 8/24
  5174 | D        | Noticed a black draconian
  5175 | D        | Noticed a vault guard
  5176 | D        | Killed an orc warlord
  5177 | D        | Killed an orc warlord
  5177 | D        | Noticed a ghost moth
  5178 | D        | Killed a vault guard
  5178 | D        | Noticed a yaktaur captain
  5182 | D        | Killed a black draconian
  5183 | D        | Reached skill level 15 in Evocations
  5184 | D        | Killed a ghost moth
  5186 | D        | HP: 6/144 [frost giant/+0 battleaxe of freezing (33)]
  5188 | D        | HP: 1/144 [frost giant/+0 battleaxe of freezing (29)]
  5188 | D        | Slain by a frost giant

Illustrated notes

Levels and vault maps discovered:
D:        pitsprint [storerooms_1, entrance_room_1, metal_vault_2, armoury_3,
          mini_pit_1, grid_room_1, main_hall_1, silver_pit, the_coven_1,
          the_vestibule_1, steel_vault_4, golden_pit, hallway_of_sentries,
          crystal_vault_2, iron_vault_2, final_vault]

Skill      XL: |  1  2  3  4  5  6  7  8  9 10 11 12 13 |
---------------+----------------------------------------+-----
Unarmed Combat | 4 5 8 11 16 18 19 22 | 22.6
Fighting       | 4 6 8 12 13 14 16 17 | 17.2
Invocations    | 5 9 10 12 15 | 15.0
Evocations     | 11 15 | 15.0
Dodging        | |  2.4
Stealth        | |  3.0

Action                   |  1- 3 |  4- 6 |  7- 9 | 10-12 | 13-15 || total
-------------------------+-------+-------+-------+-------+-------++-------
Melee: Unarmed           |    44 |    18 |     6 |    75 |     4 ||   147
       Punch             |     1 |       |       |    12 |       ||    13
Invok: Slouch            |       |     1 |     4 |    35 |     4 ||    44
 Abil: Spit Poison       |     5 |     2 |       |       |       ||     7
  Use: Potion            |     3 |     1 |       |     2 |     3 ||     9
       Scroll            |     2 |       |       |       |       ||     2
 Stab: Invisible         |       |     3 |       |       |       ||     3
Armor: Robe              |     5 |       |       |       |       ||     5
       Plate armour      |     3 |     3 |     4 |    41 |     4 ||    55
Dodge: Dodged            |    28 |     8 |     3 |    34 |     6 ||    79

Table legend: (Time is in decaauts)
 A = Elapsed time spent in this place.
 B = Non-inter-level travel time spent in this place.
 C = Inter-level travel time spent in this place.
 D = Time resting spent in this place.
 E = Time spent auto-exploring this place.
 F = Levels seen in this place.
 G = Mean time per level.
                   A        B        C        D        E       F      G
               +--------+--------+--------+--------+--------+-----+--------+
         Total |   6287 |   5963 |    324 |   4255 |    145 |   1 | 6287.0 |
       Dungeon |   6287 |   5963 |    324 |   4255 |    145 |   1 | 6287.0 |
               +--------+--------+--------+--------+--------+-----+--------+

Top non-repeatable levels by time:
       D: 6287 daAuts
